 Dungeon Crawl Stone Soup version 0.22.1-2-g9c5b331383 (webtiles) character file.

123 Ivernyr the Chiller (level 5, -4/44 HPs)
             Began as a Naga Ice Elementalist on Nov 16, 2018.
             Slain by Natasha (6 damage)
             ... on level 2 of the Dungeon.
             The game lasted 00:27:01 (2107 turns).

Ivernyr the Chiller (Naga Ice Elementalist)         Turns: 2107, Time: 00:27:01

Health: -4/44      AC: 10    Str: 10    XL:     5   Next: 7%
Magic:  15/18      EV:  7    Int: 16    God:
Gold:   89         SH:  0    Dex: 12    Spells: 3/9 levels left

rFire    + . .     SeeInvis +   g - -3 mace (curse)
rCold    . . .     Gourm    .   (no shield)
rNeg     . . .     Faith    .   k - +2 ring mail {rF+}
rPois    +         Spirit   .   l - +1 helmet
rElec    .         Reflect  .   n - +0 cloak
rCorr    .         Harm     .   p - +0 pair of gloves
MR       .....                  (no barding)
Stlth    +.........             (no amulet)
HPRegen  0.14/turn              f - ring of magical power
MPRegen  0.16/turn              (no ring)

@: very slightly contaminated, heavily drained, very slow
A: large, see invisible, deformed body, poison resistance, slowness 2, slow
metabolism 1, spit poison 1, AC +1
a: Spit Poison


You were on level 2 of the Dungeon.
You were very hungry.

You visited 1 branch of the dungeon, and saw 2 of its levels.

You collected 89 gold pieces.

Inventory:

Hand Weapons
 g - a cursed -3 mace (weapon)
Armour
 a - a +0 robe
 k - a +2 ring mail of fire resistance (worn)
 l - a +1 helmet (worn)
 n - a +0 cloak (worn)
 p - a +0 pair of gloves (worn)
Jewellery
 f - a ring of magical power (left hand)
Scrolls
 h - 4 scrolls of teleportation
 o - a scroll of remove curse {unknown}
 q - a scroll of enchant weapon {unknown}
 r - a scroll of identify {unknown}
Potions
 b - a potion of haste {unknown}
 d - 2 potions of brilliance {unknown}
 e - 2 potions of curing {unknown}
 i - a potion of flight {unknown}
 j - a potion of degeneration {unknown}
 m - a potion of mutation {unknown}
Comestibles
 c - 3 rations


   Skills:
 - Level 1.6(0.1) Fighting
 * Level 0.6(0.0) Armour
 - Level 1.5(0.1) Dodging
 - Level 3.0(1.5) Stealth
 + Level 2.7(1.2) Spellcasting
 + Level 2.0(0.5) Conjurations
 + Level 4.1(2.5) Ice Magic


You had 3 spell levels left.
You knew the following spells:

 Your Spells              Type           Power        Failure   Level  Hunger
a - Freeze                Ice            #...         21%         1    ##.....
b - Throw Frost           Conj/Ice       #.....       43%         2    ###....
c - Ozocubu's Armour      Chrm/Ice       #.......     71%         3    ####...

Your spell library contained the following spells:

 Spells                   Type           Power        Failure   Level  Hunger
 Throw Icicle             Conj/Ice       #.......     97%         4    #####..
 Summon Ice Beast         Ice/Summ       #.......     98%         4    #####..


Dungeon Overview and Level Annotations

Branches:
Dungeon (2/15)

Altars:
Ashenzari

Annotations:
D:2 Natasha


Innate Abilities, Weirdness & Mutations

You cannot wear boots.
Your serpentine skin is tough. (AC +1)
You have supernaturally acute eyesight. (SInv)
Armour fits poorly on your strangely shaped body.
Your system is resistant to poisons. (rPois)
You cover ground very slowly.
You have a slow metabolism.
You can spit poison.


Message History

* * * LOW HITPOINT WARNING * * *
The iron imp shouts, "Scamper away, thou bawdy milk-livered simpleton!"
The iron imp hits you.
* * * LOW HITPOINT WARNING * * *
You hit the white imp but do no damage.
The white imp is severely wounded.
The white imp barely misses you. The iron imp barely misses you.
You hit the white imp.
The white imp is almost dead.
The white imp disappears in a puff of smoke!
The iron imp barely misses you. Natasha claws you but does no damage.
You hit Natasha.
Natasha is severely wounded.
Natasha claws you but does no damage.
The iron imp hits you but does no damage.
You hit Natasha but do no damage.
Natasha is severely wounded.
Natasha claws you but does no damage. The iron imp completely misses you.
Natasha claws you.
You die...

#.#....# .... #.#.#.##....
#.###..# .. #...#.######
#......# #.....# # #####.##
#.##### # #.# #.# #
#.######## #.######## #
#...†.##.#######........# #
#####.#.).........#####.###
#....5@######.#####.##.
#.##.#h# #.##....###
#....#5# #.#........
#.####.# #..#.#..### #.#
#.# #.......# #.. ..#
#.##.##.# ### ### #.##.##.#
##.#.#.## ##...# ##


You could see an iron imp, Natasha and a white imp.

Vanquished Creatures
  Terence (D:2)
  Robin (D:2)
  3 adders (D:2)
  An ooze (D:2)
  3 dart slugs
  7 bats
  2 giant cockroaches
  10 goblins
  7 hobgoblins
  3 frilled lizards
  6 kobolds
  7 rats
51 creatures vanquished.

Notes
Turn   | Place    | Note
-------+----------+-------------------------------------------
     0 | D:1      | Ivernyr the Naga Ice Elementalist began the quest for the
                  | Orb.
     0 | D:1      | Reached XP level 1. HP: 15/15 MP: 3/3
    81 | D:1      | Reached XP level 2. HP: 24/24 MP: 5/5
    85 | D:1      | Learned a level 2 spell: Throw Frost
   595 | D:1      | Reached skill level 1 in Fighting
   753 | D:1      | Reached XP level 3. HP: 31/31 MP: 6/6
  1013 | D:2      | Learned a level 3 spell: Ozocubu's Armour
  1136 | D:2      | Noticed Robin
  1149 | D:2      | Killed Robin
  1150 | D:2      | Reached XP level 4. HP: 6/38 MP: 1/7
  1489 | D:2      | Noticed Terence
  1506 | D:2      | Killed Terence
  1506 | D:2      | Reached skill level 4 in Ice Magic
  1638 | D:2      | Found a shattered altar of Ashenzari.
  2011 | D:2      | Reached XP level 5. HP: 40/44 MP: 7/9
  2082 | D:2      | Noticed Natasha
  2103 | D:2      | HP: 1/44 [iron imp[Natasha] (5)]
  2107 | D:2      | Slain by Natasha

Skill      XL: |  1  2  3  4 |
---------------+-------------+-----
Fighting       | 1 |  1.6
Ice Magic      | 4 |  4.1
Conjurations   | 2 |  2.0
Armour         | |  0.6
Dodging        | |  1.5
Stealth        | |  3.0
Spellcasting   | |  2.7

Action                   |  1- 3 |  4- 6 || total
-------------------------+-------+-------++-------
Melee: Mace              |     9 |    22 ||    31
 Cast: Freeze            |    33 |    37 ||    70
       Ozocubu's Armour  |     1 |     1 ||     2
 Abil: Spit Poison       |    20 |    17 ||    37
  Use: Scroll            |     3 |     1 ||     4
  Eat: Chunk             |     1 |     4 ||     5
Armor: Robe              |     9 |     6 ||    15
       Ring mail         |       |    34 ||    34
Dodge: Dodged            |    21 |    35 ||    56
